 Dungeon Crawl Stone Soup version 0.28-b1-25-g9875b3fc8c (webtiles) character file.

Game seed: 6846538199356379520

79 dannysollo the Skirmisher (level 4, -5/37 HPs)
             Began as a Demonspawn Abyssal Knight on Feb 3, 2022.
             Was a Follower of Lugonu.
             Slain by an orc (8 damage)
             ... on level 2 of the Dungeon.
             The game lasted 00:14:48 (1904 turns).

dannysollo the Skirmisher (DsAK)                    Turns: 1904, Time: 00:14:49

Health: -5/37      AC:  1    Str: 16    XL:     4   Next: 17%
Magic:  5/5        EV: 12    Int: 11    God:    Lugonu [*.....]
Gold:   53         SH:  0    Dex: 13    Spells: 3/3 levels left

rFire   . . .      SeeInvis .   h - +1 quarterstaff
rCold   . . .      Faith    .   (shield currently unavailable)
rNeg    . . .      Spirit   .   (no armour)
rPois   .          Reflect  .   (no helmet)
rElec   .          Harm     .   (no cloak)
rCorr   .          Rampage  .   (no gloves)
Will    .....                   (no boots)
Stlth   +.........              (no amulet)
HPRegen 0.12/turn               (no ring)
MPRegen 0.09/turn               (no ring)

@: no status effects
A: spiny 1, sharp scales 1
a: Renounce Religion, Depart the Abyss


You were on level 2 of the Dungeon.
You worshipped Lugonu.
Lugonu was aware of your devotion.
You visited 1 branch of the dungeon, and saw 3 of its levels.
You visited the Abyss 1 time.

You collected 53 gold pieces.

Inventory:

Hand Weapons
 a - a +1 hand axe
 f - a +0 whip
 h - a +1 quarterstaff (weapon)
 k - a +0 club
 m - a +0 spear
 o - a +0 dagger
 q - a +0 short sword
Missiles
 d - 78 stones
 e - 25 arrows
 i - 14 bolts
 j - 3 poisoned darts
Armour
 b - a +0 leather armour
 g - a +0 barding
 l - a +0 ring mail
Scrolls
 p - a scroll of identify {unknown}
Potions
 c - a potion of cancellation {unknown}
 n - 2 potions of brilliance {unknown}


   Skills:
 + Level 3.9 Fighting
 + Level 1.8 Axes
 + Level 1.7 Staves
 + Level 2.1 Armour
 + Level 1.3 Dodging
 + Level 0.6 Stealth
 + Level 2.5 Invocations


You had 3 spell levels left.
You didn't know any spells.
Your spell library was empty.

Dungeon Overview and Level Annotations

Branches:
Dungeon (3/15)

Altars:


Innate Abilities, Weirdness & Mutations

You are partially covered in sharp spines.
You are partially covered in razor-sharp scales. (AC +1, Slay +1)


Message History

You are too injured to fight recklessly!
You are too injured to fight recklessly!
You are too injured to fight recklessly!
You are too injured to fight recklessly!
You are too injured to fight recklessly!
You are too injured to fight recklessly!
You are too injured to fight recklessly!
You are too injured to fight recklessly!
The goblin hits you but does no damage. The goblin barely misses you.
Okay, then.
You are too injured to fight recklessly!
You thump the goblin!
You kill the goblin!
Lugonu accepts your kill.
You hit the hobgoblin but do no damage. The hobgoblin barely misses you.
You hit the hobgoblin.
The hobgoblin is heavily wounded.
The orc throws a stone.
The stone hits you.
You sock the hobgoblin!
You kill the hobgoblin!
Lugonu accepts your kill. The goblin is struck by your spines.
You kill the goblin!
Lugonu accepts your kill.
You hit the orc but do no damage.
The orc is heavily wounded.
The orc is struck by your spines. The orc hits you with a +0 club.
* * * LOW HITPOINT WARNING * * *
The orc closely misses you.
You closely miss the orc.
The orc is almost dead.
You sock the orc!
You kill the orc!
Lugonu accepts your kill.
You closely miss the orc. The orc is struck by your spines.
The orc hits you with a +0 hand axe!
* * * LOW HITPOINT WARNING * * *
The orc hits you with a +3 flail!
You die...

######## ######......#
.....#......##########
.....................
.....#........##..#####
...............o@)....#
.....#...#######o####.#
.....##[.# #..†..#
.....##..# #8....##
...>.##..# ###.$##
.....##..# ..(#
.....##..# #$..# .....
#... #.... .##..


You could see 2 orcs.

Vanquished Creatures
  Jessica (D:2)
  3 dart slugs
  An orc (D:2)
  4 bats
  5 endoplasms (D:1)
  A giant cockroach (D:1)
  6 goblins
  3 hobgoblins (D:2)
  3 jackals (D:1)
  2 quokkas
  6 ball pythons
  4 frilled lizards
  3 kobolds (D:1)
  2 rats (D:1)
44 creatures vanquished.

Notes
Turn   | Place    | Note
-------+----------+-------------------------------------------
     0 | Abyss:1  | dannysollo the Demonspawn Abyssal Knight began the quest
                  | for the Orb.
     0 | Abyss:1  | Reached XP level 1. HP: 18/18 MP: 2/2
    18 | D:1      | Escaped the Abyss
   306 | D:1      | Gained mutation: You are partially covered in sharp spines.
                  | [demonic ancestry]
   306 | D:1      | Reached XP level 2. HP: 14/24 MP: 3/3
   935 | D:1      | Reached * piety under Lugonu
  1295 | D:1      | Gained mutation: You are partially covered in razor-sharp
                  | scales. (AC +1, Slay +1) [demonic ancestry]
  1295 | D:1      | Reached XP level 3. HP: 23/30 MP: 4/4
  1310 | D:1      | Reached skill level 1 in Dodging
  1568 | D:2      | You fall into a shaft and drop 1 floor!
  1586 | D:3      | Reached skill level 1 in Staves
  1717 | D:2      | Noticed Jessica
  1723 | D:2      | Killed Jessica
  1724 | D:2      | Reached XP level 4. HP: 28/37 MP: 5/5
  1904 | D:2      | Slain by an orc

Illustrated notes

Levels and vault maps discovered:
D:1:      amcnicky_arrival_blooded_trapdoor, layout_loops_ring
D:2:      layout_basic, serial_curves, eino_curves_04, eino_curves_01,
          guppyfry_early_orc_mine, uniq_jessica
D:3:      layout_basic, serial_shops, nicolae_shop_advertising_works
          [nicolae_subvault_shop_adworks], ebering_ecumenical_altar_abandoned,
          gammafunk_ghost_abyssal_escape

Skill      XL: |  1  2  3 |
---------------+----------+-----
Armour         | 2 |  2.1
Dodging        | 1 |  1.3
Staves         | 1 |  1.7
Fighting       | |  3.9
Axes           | |  1.8
Stealth        | |  0.6
Invocations    | |  2.5

Action                   |  1- 3 |  4- 6 || total
-------------------------+-------+-------++-------
Melee: Hand axe          |    21 |       ||    21
       Quarterstaff      |    47 |    13 ||    60
       Whip              |     3 |       ||     3
Invok: Depart the Abyss  |     1 |       ||     1
  Use: Scroll            |     2 |       ||     2
Armor: Leather armour    |     7 |       ||     7
       Skin              |     1 |     1 ||     2
Dodge: Dodged            |    33 |     8 ||    41
